 Dungeon Crawl Stone Soup version 0.32-a0-630-g46d191b0ed (webtiles) character file.

Game seed: 3555545869783331104

4797 ezpacito the Trooper (level 10, 0/77 HPs)
             Began as a Coglin Chaos Knight on Mar 6, 2024.
             Was a Plaything of Xom.
             Slain by a vault guard
             ... wielding a +0 broad axe
              (22 damage)
             ... in a bailey.
             The game lasted 00:10:26 (5876 turns).

ezpacito the Trooper (Coglin Chaos Knight)          Turns: 5876, Time: 00:10:27

Health: 0/77       AC: 16    Str: 24      XL:     10   Next: 48%
Magic:  14/14      EV: 14    Int:  9 (10) God:    Xom [......]
Gold:   319        SH:  0    Dex: 18 (19) Spells: 15/15 levels left

rFire   . . .        c - +8 mace "Githri Amoro" {drain, rN+ Str+3 Dex+6}
rCold   . . .        z - +4 hand axe (chaos) {Fredrik}
rNeg    + . .        H - +1 acid dragon scales
rPois   .            h - +0 helmet
rElec   .            v - +2 cloak
rCorr   +            (no gloves)
SInv    .            o - +2 pair of boots
Will    .....        (amulet unavailable)
Stlth   ++           (ring unavailable)
HPRegen 0.32/turn    (ring unavailable)
MPRegen 0.14/turn    (no gizmo)

%: no passive effects
@: invisible, revved
A: off-hand wielding, slow wielding, warmup strikes, no jewellery, fangs 1,
deterioration 1, strong 1, wild magic 2
a: Invent Gizmo, Renounce Religion


You were in a bailey.
You worshipped Xom.
You were a very special plaything of Xom.
You visited 2 branches of the dungeon, and saw 8 of its levels.
You also visited: Bailey.

You collected 319 gold pieces.

Inventory:

Hand Weapons
 a - a +0 hand axe of chaos {Nindada}
 c - the +8 mace "Githri Amoro" (weapon) {drain, rN+ Str+3 Dex+6}
   (You found it on level 4 of the Dungeon)

   Str+3:     It affects your strength (+3).
   Dex+6:     It affects your dexterity (+6).
   rN+:       It protects you from negative energy.
 n - a +0 spear {Bangon}
 r - a +3 battleaxe
 w - a +0 war axe
 z - a +4 hand axe of chaos (offhand) {Fredrik}
 G - a +1 broad axe of draining
Missiles
 b - 3 poisoned darts (quivered)
 g - 4 boomerangs
Armour
 e - a +0 chain mail
 h - a +0 helmet (worn)
 m - a +0 hat
 o - a +2 pair of boots (worn)
 v - a +2 cloak (worn)
 H - +1 acid dragon scales (worn)
Wands
 k - a wand of flame (28)
 y - a wand of charming (12)
 D - a wand of digging (9)
 F - a wand of roots (3)
Scrolls
 f - a scroll of enchant armour
 p - a scroll of revelation {unknown}
 t - 3 scrolls of teleportation
 x - a scroll of blinking {unknown}
 J - a scroll of poison {unknown}
Potions
 d - 2 potions of might
 i - 4 potions of lignification {unknown}
 l - a potion of heal wounds
 q - 5 potions of curing
 s - a potion of resistance {unknown}
 u - 2 potions of brilliance {unknown}
 A - a potion of berserk rage {unknown}
 C - a potion of magic {unknown}
 E - a potion of haste {unknown}


   Skills:
 * Level 6.8 Fighting
 * Level 6.8(7.7) Axes
 + Level 3.2(5.1) Maces & Flails
 + Level 3.4(5.3) Polearms
 * Level 5.9 Armour
 * Level 5.5 Dodging
 + Level 3.4 Stealth
 + Level 3.1 Spellcasting
 + Level 4.5 Evocations


You had 15 spell levels left.
You didn't know any spells.
Your spell library contained the following spells:

 Spells                   Type           Power      Damage    Failure   Level
 Magic Dart               Conj           8%         1d3       54%         1
 Blink                    Tloc           4%         N/A       67%         2
 Call Imp                 Summ           4%         N/A       67%         2
 Lesser Beckoning         Tloc           4%         N/A       67%         2
 Momentum Strike          Conj/Tloc      4%         3d8       67%         2
 Call Canine Familiar     Summ           2%         N/A       86%         3
 Sigil of Binding         Hex            2%         N/A       86%         3
 Dimensional Bullseye     Hex/Tloc       1%         N/A       99%         4


Dungeon Overview and Level Annotations

Branches:
Dungeon (7/15)             Temple (1/1) D:7          Bailey (1/1)

Altars:
Ashenzari
Cheibriados
Elyvilon
Fedhas
Gozag
Hepliaklqana
Kikubaaqudgha
Nemelex Xobeh
Okawaru
Qazlal
Ru
Sif Muna
Trog
Uskayaw
Vehumet
Wu Jian
Xom
Yredelemnul
Zin
The Shining One


Innate Abilities, Weirdness & Mutations

You can wield a second weapon in your off-hand.
It takes a long time for you to wield or remove held weapons.
Your first few attacks do less damage.
You cannot equip rings or amulets.
You have very sharp teeth.
Your body sometimes deteriorates upon taking damage.
Your muscles are strong. (Str +4, Int/Dex -1)
Your spells are harder to cast, but more powerful.


Message History

You drain the vault guard.
The vault guard hits you with a +0 broad axe!
Your body deteriorates!
You feel clumsy.
You take 11 damage, and have 66/77 hp.
You hit the vault guard with the +8 mace "Githri Amoro".
You bite the vault guard, but do no damage.
The vault guard is moderately wounded.
You hit the vault guard with your +4 hand axe of chaos.
The vault guard hits you with a +0 broad axe!
Your body deteriorates!
You feel dopey.
You take 10 damage, and have 56/77 hp.
As you read the scroll labelled YJIJAXTIPH, it crumbles to dust.
It is a scroll of enchant armour.
Your +0 acid dragon scales glow green for a moment.
The vault guard closely misses you.
You slash the vault guard with your +4 hand axe of chaos!
You freeze the vault guard.
The vault guard is heavily wounded.
You hit the vault guard but do no damage.
The vault guard barely misses you.
You hit the vault guard but do no damage.
The vault guard is poisoned.
The vault guard is heavily wounded.
You hit the vault guard with the +8 mace "Githri Amoro".
You drain the vault guard.
The vault guard hits you with a +0 broad axe.
You take 6 damage, and have 51/77 hp.
You hit the vault guard but do no damage.
The vault guard flies into a frenzy!
You bite the vault guard, but do no damage.
The vault guard is heavily wounded.
You closely miss the vault guard with the +8 mace "Githri Amoro".
The vault guard hits you with a +0 broad axe! x2
* * * LOW HITPOINT WARNING * * *
You take 29 damage, and have 22/77 hp.
MASSIVE DAMAGE!!
Okay, then.
You fade into invisibility!
The vault guard hits you with a +0 broad axe!!
You die... "It's all fun and games until someone loses an eye."

#(...†..#............#).#...
#....∩..)÷.)..)~~~~..'..#...
#.......#..~.~~≈≈≈≈~~#.....#
##.....##..~~≈≈####≈≈#....##
#######~..~≈###!$#########
#~~~.≈##~...# ##~~.≈#~...~#
##~.≈#..~~# ###@p.~# ######


You could see a neutral vault guard (fast, strong, frenzied, very poisoned,
drained).

Vanquished Creatures
  A vault guard (Bailey)
  Maggie (D:6)
  Prince Ribbit (Bailey)
  4 humans (Bailey)
  Menkaure (D:5)
  A water moccasin (D:7)
  An orc warrior (D:6)
  A sky beast (D:6)
  An ogre (D:6)
  3 ice beasts
  A centaur (D:6)
  2 phantoms
  6 bullfrogs (Bailey)
  2 scorpions (D:5)
  8 wights
  6 killer bees (D:6)
  2 howler monkeys
  3 jellies
  An orc priest (D:5)
  2 bombardier beetles
  6 hounds
  2 iguanas (D:5)
  8 orc wizards
  Robin (D:3)
  6 gnolls
  10 adders
  4 dart slugs
  19 orcs
  9 endoplasms
  3 giant cockroaches
  14 goblins
  10 hobgoblins
  2 jackals (D:2)
  4 kobolds
  A quokka (D:3)
  8 ball pythons
  3 bats
  3 frilled lizards
  4 rats
165 creatures vanquished.

Vanquished Creatures (collateral kills)
  An orc priest (D:5)
  2 orc wizards (D:3)
  An orc (D:3)
  A goblin (D:3)
5 creatures vanquished.

Grand Total: 170 creatures vanquished

Notes
Turn   | Place    | Note
-------+----------+-------------------------------------------
     0 | D:1      | ezpacito the Coglin Chaos Knight began the quest for the
                  | Orb.
     0 | D:1      | Reached XP level 1. HP: 18/18 MP: 1/1
    73 | D:1      | Reached skill level 1 in Dodging
   194 | D:1      | Reached XP level 2. HP: 19/24 MP: 2/2
   594 | D:1      | XOM: silly message
   670 | D:1      | XOM: divination: detect items
   906 | D:2      | Reached XP level 3. HP: 23/29 MP: 3/3
  1027 | D:2      | Found a faded altar of an unknown god.
  1182 | D:2      | Reached XP level 4. HP: 34/35 MP: 4/4
  1710 | D:3      | Noticed Robin
  1711 | D:3      | XOM: silly message
  1747 | D:3      | Killed Robin
  1996 | D:3      | Reached skill level 1 in Stealth
  1996 | D:3      | Reached XP level 5. HP: 32/42 MP: 6/6
  1999 | D:3      | XOM: god gift: leather armour {god gift}
  2001 | D:3      | XOM: cast spell 'Summon Hydra'
  2005 | D:3      | Reached skill level 1 in Polearms
  2005 | D:3      | Reached skill level 1 in Spellcasting
  2357 | D:3      | XOM: god gift: potion of might
  2645 | D:4      | XOM: scenery: 2 doors open
  2654 | D:3      | XOM: chaos upgrade
  2889 | D:4      | Reached XP level 6. HP: 45/47 MP: 7/7
  2957 | D:4      | Identified the +8 mace "Githri Amoro" {drain, rN+ Str+3
                  | Dex+6}
  3071 | D:4      | Reached skill level 1 in Evocations
  3109 | D:4      | Noticed an ice beast
  3109 | D:4      | XOM: give mutations
  3109 | D:4      | Gained mutation: You are frail. (-10% HP) [Xom's mischief]
  3109 | D:4      | Gained mutation: Your muscles are strong. (Str +4, Int/Dex
                  | -1) [Xom's mischief]
  3113 | D:4      | Killed an ice beast
  3114 | D:4      | Reached XP level 7. HP: 48/48 MP: 9/9
  3215 | D:4      | Reached skill level 1 in Maces & Flails
  3619 | D:5      | Entered Level 5 of the Dungeon
  3761 | D:5      | Reached XP level 8. HP: 44/54 MP: 10/10
  3806 | D:5      | XOM: 9-stop teleportation journey
  3851 | D:5      | XOM: 2-stop teleportation journey
  3983 | D:5      | XOM: give mutations
  3983 | D:5      | Gained mutation: You have a pair of small antennae on your
                  | head. [Xom's mischief]
  3983 | D:5      | Gained mutation: Your health recovers twice as slowly from
                  | being drained. [Xom's mischief]
  3983 | D:5      | Lost mutation: You have a pair of small antennae on your
                  | head. [Xom's mischief]
  3998 | D:5      | Found an iron altar of Okawaru.
  4017 | D:5      | Noticed Menkaure
  4023 | D:5      | Killed Menkaure
  4024 | D:5      | Reached skill level 5 in Fighting
  4065 | D:5      | XOM: summons 8 friendly demons
  4067 | D:5      | Reached skill level 5 in Axes
  4373 | D:6      | Reached XP level 9. HP: 53/61 MP: 12/12
  5019 | D:6      | Noticed Maggie
  5030 | D:6      | Killed Maggie
  5031 | D:6      | Reached skill level 5 in Armour
  5042 | D:6      | XOM: 1-stop teleportation journey
  5076 | D:6      | XOM: silly message
  5281 | D:6      | XOM: give mutations
  5281 | D:6      | Gained mutation: You have very sharp teeth. [Xom's
                  | mischief]
  5281 | D:6      | Lost mutation: You are frail. (-10% HP) [Xom's mischief]
  5281 | D:6      | Lost mutation: Your health recovers twice as slowly from
                  | being drained. [Xom's mischief]
  5281 | D:6      | Gained mutation: Your body sometimes deteriorates upon
                  | taking damage. [Xom's mischief]
  5375 | D:6      | XOM: give mutations
  5375 | D:6      | Gained mutation: Your spells are a little harder to cast,
                  | but a little more powerful. [Xom's mischief]
  5375 | D:6      | Gained mutation: Your spells are harder to cast, but more
                  | powerful. [Xom's mischief]
  5466 | D:7      | XOM: silly message
  5494 | D:7      | Found a staircase to the Ecumenical Temple.
  5503 | Temple   | Entered the Ecumenical Temple
  5526 | D:7      | XOM: swap monsters
  5563 | D:7      | Found a flagged portal.
  5587 | Bailey   | Entered a bailey
  5592 | Bailey   | XOM: torment (39/69 hp)
  5596 | Bailey   | XOM: 1-stop teleportation journey
  5600 | Bailey   | Reached skill level 5 in Dodging
  5601 | Bailey   | XOM: confusion
  5607 | Bailey   | Reached XP level 10. HP: 47/77 MP: 14/14
  5608 | Bailey   | Noticed a vault guard
  5608 | Bailey   | Noticed Prince Ribbit
  5615 | Bailey   | XOM: draining
  5620 | Bailey   | Killed a vault guard
  5622 | Bailey   | Killed Prince Ribbit
  5695 | Bailey   | XOM: summons 1 hostile demon
  5805 | Bailey   | XOM: chaos upgrade
  5861 | Bailey   | Noticed a vault guard
  5876 | Bailey   | Slain by a vault guard

Illustrated notes

Levels and vault maps discovered:
D:1:      elethiomel_arrival_infinity_welcomes_careful_drivers,
          layout_loops_cross, nicolae_concentric_dashed_squares_mild
D:2:      layout_loops_cross, hellmonk_ecumenical_altar_crossroads,
          minmay_misc_feat_enclosed
D:3:      wad_lake_hut, layout_basic, uniq_robin
D:4:      layout_basic
D:5:      layout_basic, marbit_many_paths, st_stairs_7,
          nicolae_elevator_lobby_plus, uniq_menkaure
D:6:      layout_loops_corners, uniq_maggie
D:7:      layout_rooms, minmay_temple_entry_hall, enter_bailey_5
Temple:   nicolae_temple_bog_church
Bailey:   bailey_axe_froggy_fort_hellmonk, bailey

Skill      XL: |  1  2  3  4  5  6  7  8  9 10 |
---------------+-------------------------------+-----
Dodging        | 1 2 3 4 5 |  5.5
Armour         | 2 3 4 5 |  5.9
Stealth        | 1 2 3 |  3.4
Polearms       | 1 2 3 |  3.4
Spellcasting   | 1 2 3 |  3.1
Fighting       | 4 5 6 |  6.8
Axes           | 4 5 6 |  6.8
Evocations     | 1 2 4 |  4.5
Maces & Flails | 1 2 3 |  3.2

Action                     |  1- 3 |  4- 6 |  7- 9 | 10-12 || total
---------------------------+-------+-------+-------+-------++-------
  Melee: Hand axe          |    71 |    97 |   132 |    38 ||   338
         Dagger            |    64 |    24 |       |       ||    88
         Spear             |       |    69 |       |       ||    69
         Mace              |       |    11 |   141 |    37 ||   189
         Bite              |       |       |     3 |     7 ||    10
  Evoke: Wand              |       |       |       |     4 ||     4
    Use: Scroll            |       |     6 |     6 |     1 ||    13
         Potion            |       |     1 |     4 |     3 ||     8
   Stab: Sleeping          |     1 |     1 |     2 |       ||     4
         Paralysed         |       |     1 |       |       ||     1
         Confused          |       |       |     4 |       ||     4
         Invisible         |       |       |     1 |     2 ||     3
         Distracted        |       |       |     1 |     1 ||     2
 Armour: Leather armour    |    40 |    74 |       |       ||   114
         Chain mail        |       |    18 |   106 |       ||   124
         Acid dragon scale |       |       |    13 |    23 ||    36
  Dodge: Dodged            |    35 |    74 |    92 |    26 ||   227

Table legend: (Time is in decaauts)
 A = Elapsed time spent in this place.
 B = Non-inter-level travel time spent in this place.
 C = Inter-level travel time spent in this place.
 D = Time resting spent in this place.
 E = Time spent auto-exploring this place.
 F = Levels seen in this place.
 G = Mean time per level.
                   A        B        C        D        E       F      G
               +--------+--------+--------+--------+--------+-----+--------+
         Total |   5955 |   5704 |    251 |    144 |   4300 |   9 |  661.7 |
       Dungeon |   5661 |   5411 |    250 |    144 |   4141 |   7 |  808.7 |
        Temple |      1 |      1 |      0 |      0 |      0 |   1 |    1.0 |
        Bailey |    292 |    292 |      0 |      0 |    158 |   1 |  292.0 |
               +--------+--------+--------+--------+--------+-----+--------+

Top non-repeatable levels by time:
     D:3: 1136 daAuts
     D:6: 1114 daAuts
     D:2: 945 daAuts
     D:4: 803 daAuts
     D:1: 794 daAuts
     D:5: 663 daAuts
  Bailey: 292 daAuts
     D:7: 204 daAuts
  Temple: 1 daAuts
